 Dungeon Crawl Stone Soup version 0.29.1-13-g9f3cf754e1 (webtiles) character file.

Game seed: 8895854180513816789

149 wolfrpgdude the Trooper (level 5, -1/47 HPs)
             Began as a Minotaur Fighter on Feb 11, 2023.
             Slain by a kobold brigand
             ... wielding a +0 dagger
              (6 damage)
             ... in a sewer.
             The game lasted 00:04:13 (2249 turns).

wolfrpgdude the Trooper (Minotaur Fighter)          Turns: 2249, Time: 00:04:13

Health: -1/47      AC:  7    Str: 23    XL:     5   Next: 9%
Magic:  4/4        EV:  9    Int:  5    God:
Gold:   126        SH:  4    Dex:  9    Spells: 4/4 levels left

rFire   x . .      SeeInvis .   i - +1 whip (flame)
rCold   + + .      Faith    .   c - +0 buckler
rNeg    . . .      Spirit   .   b - +0 scale mail
rPois   .          Reflect  .   (helmet restricted)
rElec   .          Harm     .   (no cloak)
rCorr   .          Rampage  .   (no gloves)
Will    .....                   (no boots)
Stlth   ..........              (no amulet)
HPRegen 0.15/turn               e - ring of protection from cold
MPRegen 0.09/turn               o - ring of ice

@: very slow
A: horns 2, retaliatory headbutt
a: no special abilities


You were in a sewer.
You visited 1 branch of the dungeon, and saw 3 of its levels.
You also visited: Sewer.

You collected 126 gold pieces.

Inventory:

Hand Weapons
 a - a +0 long sword
 i - a +1 whip of flaming (weapon)
Armour
 b - a +0 scale mail (worn)
 c - a +0 buckler (worn)
Jewellery
 e - a ring of protection from cold (left hand)
 o - a ring of ice (right hand)
Scrolls
 p - a scroll of noise {unknown}
 q - a scroll of identify
Potions
 d - 3 potions of might
 f - 2 potions of ambrosia {unknown}
 g - 2 potions of mutation {unknown}
 h - a potion of magic {unknown}
 j - 4 potions of haste {unknown}
 k - a potion of lignification {unknown}
 l - 2 potions of resistance {unknown}
 m - 2 potions of flight {unknown}
 n - a potion of curing {unknown}


   Skills:
 + Level 4.7 Fighting
 + Level 3.8 Long Blades
 + Level 4.6 Armour
 + Level 4.6 Shields


You had 4 spell levels left.
You didn't know any spells.
Your spell library was empty.

Dungeon Overview and Level Annotations

Branches:
Dungeon (3/15)              Sewer (1/1)

Altars:

Annotations:
D:3 2 transporters, Thatpatchoflichen's ghost, amateur BaFi


Innate Abilities, Weirdness & Mutations

You have a pair of horns on your head.
You reflexively headbutt those who attack you in melee.


Message History

The kobold brigand is severely wounded.
The kobold hits you but does no damage.
The kobold brigand hits you with a +0 dagger.
* * * LOW HITPOINT WARNING * * *
The kobold closely misses you.
You barely miss the kobold brigand.
Your headbutt misses the kobold brigand.
The kobold brigand is severely wounded.
The kobold brigand splashes around in the water.
The kobold barely misses you. You furiously retaliate!
You headbutt the kobold.
You kill the kobold!
You hear a splash.
Your unstable footing causes you to fumble your attack.
The kobold brigand hits you with a +0 dagger.
* * * LOW HITPOINT WARNING * * *
The kobold brigand closely misses you.
Your unstable footing causes you to fumble your attack.
The kobold brigand hits you but does no damage.
Hit: i) +1 whip (flame)
Press: ? - help, Dir - move target, f - kobold brigand
Aim: a kobold brigand, wielding a +0 dagger and quivering curare-tipped darts (severely wounded, about 50% to evade your +1 whip of flaming)
You closely miss the kobold brigand.
The kobold brigand is severely wounded.
The kobold brigand splashes around in the water.
You hit the kobold brigand. You burn the kobold brigand.
The kobold brigand is almost dead.
The kobold brigand splashes around in the water.
You closely miss the kobold brigand.
The kobold brigand is almost dead.
The kobold brigand hits you with a +0 dagger.
* * * LOW HITPOINT WARNING * * *
Your unstable footing causes you to fumble your attack.
The kobold brigand hits you but does no damage. x2
You closely miss the kobold brigand.
The kobold brigand is almost dead.
The kobold brigand splashes around in the water.
You hit the kobold brigand but do no damage.
The kobold brigand is almost dead.
The kobold brigand hits you with a +0 dagger.
You die...

...~.~# .~~~~~#
..~~~~# ..~..~## ##
~.~~~..## #####~~~~
.~##~~..####.~~.~#
~####..~..~.~###~~~~
~# #~.~~~~~.#
####### ..
##.~~..~~###@K~~.#
#######~~~.)#####
#####~~~~.# #######


You could see a kobold brigand.

Vanquished Creatures
  Crazy Yiuf (D:2)
  Jessica (D:3)
  3 adders (D:3)
  A worm (D:3)
  2 dart slugs (D:3)
  5 orcs
  4 bats
  3 endoplasms
  4 giant cockroaches (D:3)
  4 goblins
  8 hobgoblins
  A quokka (D:1)
  A ball python (D:1)
  4 frilled lizards
  9 kobolds
  5 rats
56 creatures vanquished.

Notes
Turn   | Place    | Note
-------+----------+-------------------------------------------
     0 | D:1      | wolfrpgdude the Minotaur Fighter began the quest for the
                  | Orb.
     0 | D:1      | Reached XP level 1. HP: 19/19 MP: 0/0
   142 | D:1      | Reached XP level 2. HP: 9/27 MP: 1/1
  1305 | D:2      | Reached XP level 3. HP: 30/33 MP: 2/2
  1377 | D:2      | Found a runed translucent door.
  1378 | D:2      | Noticed Crazy Yiuf
  1485 | D:2      | Killed Crazy Yiuf
  1598 | D:3      | Reached XP level 4. HP: 40/41 MP: 3/3
  1637 | D:3      | Found a transporter.
  1640 | D:3      | Found a transporter.
  1640 | D:3      | Noticed Thatpatchoflichen's ghost (amateur BaFi)
  1660 | D:3      | Noticed a sky beast
  1796 | D:3      | Noticed Jessica
  1806 | D:3      | Killed Jessica
  2010 | D:3      | Found a glowing drain.
  2040 | D:3      | Reached XP level 5. HP: 47/47 MP: 4/4
  2050 | Sewer    | Entered a sewer
  2249 | Sewer    | Slain by a kobold brigand

Illustrated notes

Levels and vault maps discovered:
D:1:      psy_arrival_basics, layout_basic
D:2:      layout_basic, uniq_crazy_yiuf_cottage
D:3:      layout_rooms, gammafunk_ghost_arena, gup_sewer_entry_glass,
          minmay_misc_feat_chi, uniq_jessica
Sewer:    sewer_co_tree

Skill      XL: |  1  2  3 |
---------------+----------+-----
Shields        | 4 |  4.6
Fighting       | 4 |  4.7
Armour         | 4 |  4.6
Long Blades    | 3 |  3.8

Action                   |  1- 3 |  4- 6 || total
-------------------------+-------+-------++-------
Melee: Long sword        |    45 |       ||    45
       Headbutt          |    10 |     6 ||    16
       Whip              |    41 |    71 ||   112
  Use: Scroll            |     4 |     2 ||     6
Armor: Scale mail        |    43 |    36 ||    79
Dodge: Dodged            |    34 |    37 ||    71
Block: Buckler           |    12 |    18 ||    30
